 Dungeon Crawl Stone Soup version 0.31-a0-1603-gbec6b6ccbf (webtiles) character file.

Game seed: 5580381472785094900

28 Xavori the Trooper (level 3, 26/30 HPs)
             Began as a Djinni Chaos Knight on Jan 7, 2024.
             Was a Plaything of Xom.
             Quit the game on level 4 of the Dungeon.
             The game lasted 00:00:32 (5377 turns).

Xavori the Trooper (Djinni Chaos Knight)            Turns: 5377, Time: 00:00:33

Health: 26/30      AC:  5    Str: 11    XL:     3   Next: 27%
Gold:   36         EV: 12    Int: 13    God:    Xom [...*..] SH:  0 Dex: 14

rFire   + + .        a - +0 falchion (chaos)
rCold   x . .        (no shield)
rNeg    . . .        b - +2 leather armour
rPois   ∞            (no helmet)
rElec   .            (no cloak)
rCorr   .            (no gloves)
SInv    .            (boots unavailable)
Will    .....        (no amulet)
Stlth   +            (no ring)
HPRegen 0.25/turn    (no ring)
MPRegen 0.00/turn

%: no passive effects
@: flying
A: sickness immunity, fire resistance 2, cold vulnerability 1, float, innate
caster, HP casting, extra vitality 1, mutation resistance 1
a: Renounce Religion


You were on level 4 of the Dungeon.
You worshipped Xom.
You were a favourite toy of Xom.
You visited 1 branch of the dungeon, and saw 3 of its levels.

You collected 36 gold pieces.

Inventory:

Hand Weapons
 a - a +0 falchion of chaos (weapon)
Armour
 b - a +2 leather armour (worn)
Jewellery
 e - an amulet of faith
Scrolls
 c - a scroll of butterflies
 d - 2 scrolls of identify {unknown}


   Skills:
 + Level 3.2 Fighting
 + Level 2.9 Long Blades
 + Level 1.4 Armour
 + Level 2.5 Dodging
 * Level 1.0 Spellcasting
 * Level 1.0 Conjurations
 * Level 1.0 Hexes
   Level 0.0 Charms
 * Level 1.0 Summonings
 * Level 1.0 Necromancy
 * Level 1.0 Translocations
   Level 0.0 Transmutations
 * Level 1.0 Fire Magic
 * Level 1.0 Ice Magic
 * Level 1.0 Air Magic
 * Level 1.0 Earth Magic
 * Level 1.0 Alchemy


You knew the following spells:

 Your Spells              Type           Power      Damage    Failure   Level
a - Apportation           Tloc           6%         N/A       24%         1
Your spell library was empty.

Dungeon Overview and Level Annotations

Branches:
Dungeon (2/15)

Altars:


Innate Abilities, Weirdness & Mutations

You are immune to sickness and miasma.
You are immune to poison.
Your flesh is very heat resistant. (rF++)
You are vulnerable to cold. (rC-)
You float through the air rather than walking.
You learn spells naturally, not from books.
Your magical power is your life essence.
You have superior vitality. (+4 MHP)
You are somewhat resistant to further mutation.


Message History

You are now a favourite toy of Xom.
You start waiting. "Let's see if it's strong enough to survive yet."
There are monsters nearby!
There are monsters nearby!
There are monsters nearby!
There are monsters nearby!
There are monsters nearby!
There are monsters nearby!
There are monsters nearby!
There are monsters nearby!
There are monsters nearby!
There are monsters nearby!
There are monsters nearby!
There are monsters nearby!
There are monsters nearby!
There are monsters nearby!
There are monsters nearby!
There are monsters nearby!
There are monsters nearby!
The white imp hits you. The white imp freezes you.
You feel a terrible chill!
Xom thinks this is hilarious!
You fly downwards.
The quokka bites you but does no damage.
The quokka closely misses you.
There is a stone staircase leading up here.
Unknown command.
A quokka is nearby!
A quokka is nearby!
A quokka is nearby!
You hit the quokka. You burn the quokka.
You kill the quokka!
You see here a quokka corpse.
No target in view!
A malevolent force fills the Dungeon...
You are sucked into a shaft and drop 2 floors!
The shaft crumbles and collapses.
Found 13 gold pieces.
Unknown command.
Are you sure you want to abandon this character and quit the game? (Confirm with "yes".)

..~≈≈≈~.~≈
#.~~≈≈~.≈≈ #
#.~~~~~.~≈
#.#.......~~
#$#.~≈~~....
#...~≈≈~.~≈~
#...~~~~.~≈≈
#..@≈≈≈.≈≈≈
#..~≈~~.~~~
#..........
#....######
######


There were no monsters in sight!

Vanquished Creatures
  A gnoll (D:1)
  A dart slug (D:1)
  A bat (D:1)
  An endoplasm (D:1)
  4 hobgoblins (D:1)
  A quokka (D:2)
  2 goblins (D:1)
  3 kobolds (D:1)
  A rat (D:1)
15 creatures vanquished.

Notes
Turn   | Place    | Note
-------+----------+-------------------------------------------
     0 | D:1      | Xavori the Djinni Chaos Knight began the quest for the Orb.
     0 | D:1      | Reached XP level 1. HP: 20/20 MP: 0/0
    35 | D:1      | XOM: divination: detect items
   150 | D:1      | Reached XP level 2. HP: 25/25 MP: 0/0
   327 | D:1      | XOM: silly message
   491 | D:1      | Reached skill level 1 in Spellcasting
   491 | D:1      | Reached skill level 1 in Conjurations
   491 | D:1      | Reached skill level 1 in Hexes
   491 | D:1      | Reached skill level 1 in Summonings
   491 | D:1      | Reached skill level 1 in Necromancy
   491 | D:1      | Reached skill level 1 in Translocations
   491 | D:1      | Reached skill level 1 in Fire Magic
   491 | D:1      | Reached skill level 1 in Ice Magic
   491 | D:1      | Reached skill level 1 in Air Magic
   491 | D:1      | Reached skill level 1 in Earth Magic
   491 | D:1      | Reached skill level 1 in Alchemy
   491 | D:1      | Reached XP level 3. HP: 30/30 MP: 0/0
   491 | D:1      | Learned a level 1 spell: Apportation
   839 | D:1      | XOM: divination: magic mapping
   947 | D:1      | XOM: scenery: 1 doors open
  1197 | D:1      | XOM: cloud trail
  1509 | D:1      | XOM: cloud trail
  1808 | D:1      | XOM: give mutation
  1808 | D:1      | Gained mutation: You are somewhat resistant to further
                  | mutation. [Xom's grace]
  2204 | D:1      | XOM: noise
  2225 | D:1      | XOM: scenery: 1 doors close
  2859 | D:1      | XOM: noise
  3467 | D:1      | XOM is BORED!
  3821 | D:1      | XOM: cloud trail
  4275 | D:1      | XOM: divination: detect creatures
  5038 | D:1      | XOM: divination: detect creatures
  5071 | D:1      | XOM: cloud trail
  5371 | D:1      | XOM: summons 2 hostile demons
  5376 | D:2      | You are sucked into a shaft and drop 2 floors!
  5377 | D:4      | Quit the game

Illustrated notes

Levels and vault maps discovered:
D:1:      onia_arrival_pentagram, layout_basic, corner_web_ring
D:2:      layout_loops_corners, uniq_jessica
D:4:      layout_loops_corners, nicolae_overflow_hidden_temple, minivault_14,
          uniq_duvessa

Skill      XL: |  1  2 |
---------------+-------+-----
Spellcasting   | 1 |  1.0
Conjurations   | 1 |  1.0
Hexes          | 1 |  1.0
Summonings     | 1 |  1.0
Necromancy     | 1 |  1.0
Translocations | 1 |  1.0
Fire Magic     | 1 |  1.0
Ice Magic      | 1 |  1.0
Air Magic      | 1 |  1.0
Earth Magic    | 1 |  1.0
Alchemy        | 1 |  1.0
Fighting       | |  3.2
Long Blades    | |  2.9
Armour         | |  1.4
Dodging        | |  2.5

Action                     || total
---------------------------++-------
  Melee: Falchion          ||    43
 Armour: Leather armour    ||    26
  Dodge: Dodged            ||    20

Table legend: (Time is in decaauts)
 A = Elapsed time spent in this place.
 B = Non-inter-level travel time spent in this place.
 C = Inter-level travel time spent in this place.
 D = Time resting spent in this place.
 E = Time spent auto-exploring this place.
 F = Levels seen in this place.
 G = Mean time per level.
                   A        B        C        D        E       F      G
               +--------+--------+--------+--------+--------+-----+--------+
         Total |   5384 |   5365 |     19 |   4766 |    486 |   3 | 1794.7 |
       Dungeon |   5384 |   5365 |     19 |   4766 |    486 |   3 | 1794.7 |
               +--------+--------+--------+--------+--------+-----+--------+

Top non-repeatable levels by time:
     D:1: 5378 daAuts
     D:2: 5 daAuts
     D:4: 0 daAuts
